 Dungeon Crawl Stone Soup version 0.26-a0-810-ge1a9524b62 (webtiles) character file.

Game seed: 17507217847574657891

72 marklar909 the Digger (level 4, -2/34 HPs)
             Began as a Draconian Earth Elementalist on Nov 12, 2020.
             Was an Initiate of Sif Muna.
             Slain by Sigmund
             ... wielding a +0 scythe
              (6 damage)
             ... on level 2 of the Dungeon.
             The game lasted 00:02:53 (1384 turns).

marklar909 the Digger (DrEE)                        Turns: 1384, Time: 00:02:53

Health: -2/34      AC:  6    Str: 11    XL:     4   Next: 7%
Magic:  7/7        EV: 12    Int: 16    God:    Sif Muna [......]
Gold:   137        SH:  0    Dex: 11    Spells: 3/7 levels left

rFire    . . .     SeeInvis .   f - +1 whip
rCold    . . .     Faith    .   (no shield)
rNeg     . . .     Spirit   .   (armour unavailable)
rPois    .         Reflect  .   (helmet restricted)
rElec    .         Harm     .   (no cloak)
rCorr    .         Rampage  .   e - +0 pair of gloves
MR       .....                  (no boots)
Stlth    ++........             (no amulet)
HPRegen  0.11/turn              (no ring)
MPRegen  0.10/turn              (no ring)

@: mighty
A: unfitting armour, cold-blooded, AC +5
a: Renounce Religion


You were on level 2 of the Dungeon.
You worshipped Sif Muna.
Sif Muna was noncommittal.
You visited 1 branch of the dungeon, and saw 2 of its levels.

You collected 137 gold pieces.

Inventory:

Hand Weapons
 f - a +1 whip (weapon)
Missiles
 b - 35 stones (quivered)
Armour
 e - a +0 pair of gloves (worn)
Jewellery
 d - an uncursed ring of flight {unknown}
 i - a cursed ring of teleportation {unknown}
 j - an uncursed ring of ice {unknown}
 k - an uncursed ring of ice {unknown}
Scrolls
 h - 4 scrolls of identify
 m - 2 scrolls of remove curse
 n - a scroll of immolation {unknown}
 o - a scroll of noise {unknown}


   Skills:
 * Level 0.5 Fighting
 * Level 1.7 Dodging
 + Level 1.8 Stealth
 + Level 0.8 Unarmed Combat
 + Level 2.2 Spellcasting
 * Level 1.0 Conjurations
   Level 1.0 Transmutations
 * Level 4.3 Earth Magic


You had 3 spell levels left.
You knew the following spells:

 Your Spells              Type           Power        Failure   Level
a - Sandblast             Erth           ###...       3%          1
b - Stone Arrow           Conj/Erth      ##....       21%         3

Your spell library contained the following spells:

 Spells                   Type           Power        Failure   Level
 Passwall                 Tmut/Erth      ##......     11%         2
 Petrify                  Tmut/Erth      ##......     56%         4
 Lee's Rapid Deconstruct  Erth           ###.......   67%         5


Dungeon Overview and Level Annotations

Branches:
Dungeon (2/15)

Altars:
Sif Muna

Annotations:
D:2 Sigmund


Innate Abilities, Weirdness & Mutations

Your plain brown scales are hard. (AC +5)
You cannot fit into any form of body armour.
You are cold-blooded and may be slowed by cold attacks.


Message History

The bat barely misses you. Something hits you.
* * * LOW HITPOINT WARNING * * *
Your magical contamination has completely faded away.
Unknown command.
The bat hits you.
* * * LOW HITPOINT WARNING * * *
Your surroundings seem slightly different.
Okay, then.
It was a potion of magic.
Magic courses through your body. The bat closely misses you.
You hear some strange, mumbled words.
Something tries to affect you, but you resist.
You aren't carrying any items that you can evoke.
Unknown command.
Okay, then.
It was a potion of might.
You feel very mighty all of a sudden. The bat closely misses you.
You barely miss the bat. The bat closely misses you. Something hits you.
You die...

######## #......#
#...$..# #......#
#......# #....@.#
#......#
########...b..######
#.......#...........#
##.......######.##...#
.......... ##...##...
##.......# ##.....##
###........###.......#.#
..#........#....._.....#


You could see a bat.

Vanquished Creatures
  3 adders (D:2)
  An ooze (D:2)
  2 dart slugs (D:1)
  3 leopard geckos (D:1)
  2 bats (D:2)
  A giant cockroach (D:1)
  3 goblins
  7 hobgoblins
  2 jackals (D:1)
  3 kobolds
  A frilled lizard (D:1)
  4 rats
32 creatures vanquished.

Notes
Turn   | Place    | Note
-------+----------+-------------------------------------------
     0 | D:1      | marklar909 the Draconian Earth Elementalist began the quest
                  | for the Orb.
     0 | D:1      | Reached XP level 1. HP: 14/14 MP: 3/3
   249 | D:1      | Reached XP level 2. HP: 20/20 MP: 5/5
   660 | D:1      | Reached skill level 4 in Earth Magic
   667 | D:1      | Reached XP level 3. HP: 17/26 MP: 2/6
   672 | D:1      | Learned a level 3 spell: Stone Arrow
  1000 | D:2      | Reached skill level 1 in Conjurations
  1283 | D:2      | Found a shimmering blue altar of Sif Muna.
  1290 | D:2      | Reached XP level 4. HP: 31/34 MP: 4/7
  1362 | D:2      | Became a worshipper of Sif Muna the Loreminder
  1366 | D:2      | Noticed Sigmund
  1384 | D:2      | Slain by Sigmund

Illustrated notes

Levels and vault maps discovered:
D:1:      lemuel_arrival_hallway, layout_basic
D:2:      layout_basic, lemuel_round_altar, yredelemnul_forgotten_temple_becter,
          uniq_sigmund

Skill      XL: |  1  2  3 |
---------------+----------+-----
Earth Magic    | 4 |  4.3
Conjurations   | 1 |  1.0
Fighting       | |  0.5
Dodging        | |  1.7
Stealth        | |  1.8
Unarmed Combat | |  0.8
Spellcasting   | |  2.2
Transmutations | |  1.0

Action                   |  1- 3 |  4- 6 || total
-------------------------+-------+-------++-------
Melee: Unarmed           |     7 |       ||     7
       Whip              |    18 |     1 ||    19
       Tailslap          |     1 |       ||     1
 Cast: Sandblast         |    38 |     5 ||    43
  Use: Scroll            |       |     3 ||     3
       Potion            |       |     2 ||     2
Armor: Skin              |     7 |     1 ||     8
Dodge: Dodged            |    16 |     6 ||    22

Table legend: (Time is in decaauts)
 A = Elapsed time spent in this place.
 B = Non-inter-level travel time spent in this place.
 C = Inter-level travel time spent in this place.
 D = Time resting spent in this place.
 E = Time spent auto-exploring this place.
 F = Levels seen in this place.
 G = Mean time per level.
                   A        B        C        D        E       F      G
               +--------+--------+--------+--------+--------+-----+--------+
         Total |   1385 |   1373 |     12 |     69 |   1074 |   2 |  692.5 |
       Dungeon |   1385 |   1373 |     12 |     69 |   1074 |   2 |  692.5 |
               +--------+--------+--------+--------+--------+-----+--------+

Top non-repeatable levels by time:
     D:1: 973 daAuts
     D:2: 411 daAuts
